 Dungeon Crawl Stone Soup version 0.14-a0-2071-g7172c92 (webtiles) character file.

371 HollowCharge the Chopper (level 5, -2/45 HPs)
             Began as a Demigod Gladiator on Jan 23, 2014.
             Slain by an ogre
             ... wielding a +0,+0 giant club
              (28 damage)
             ... on Level 4 of the Dungeon.
             The game lasted 00:14:52 (2939 turns).

HollowCharge the Chopper (Demigod Gladiator)        Turns: 2939, Time: 00:14:53

HP  -2/45        AC  8     Str 19      XL: 5   Next: 55%
MP   8/8         EV 11     Int 13      God:
Gold 123         SH  0     Dex 17      Spells:  0 memorised,  4 levels left

rFire  . . .     SeeInvis .     u - +1 dwarf hand axe
rCold  + . .     Clarity  .     j - +2 ring mail {rC+}
rNeg   . . .     Conserve .     (no shield)
rPois  .         rCorr    .     c - +0 helmet
rElec  .         rRot     .     (no cloak)
SustAb . .       Spirit   .     (no gloves)
rMut   .         Warding  .     (no boots)
Saprov . . .     Stasis   .     (no amulet)
MR     .....                    (no ring)
                                (no ring)

@: not resistant to hostile enchantments, very unstealthy
A: no striking features
a: no special abilities


You were on level 4 of the Dungeon.
You were not hungry.

You visited 1 branch of the dungeon, and saw 4 of its levels.

You collected 123 gold pieces.

Inventory:

Hand weapons
 u - a +1,+1 dwarven hand axe (weapon)
Missiles
 d - 3 throwing nets (quivered)
Armour
 c - a +0 helmet (worn)
 j - a +2 ring mail of cold resistance (worn)
Comestibles
 a - an apple
 f - 2 bread rations
 l - an orange
 m - a chunk of quokka flesh
Scrolls
 r - 3 scrolls of remove curse
Jewellery
 i - a +4 ring of protection {unknown}
 p - an uncursed ring of ice {unknown}
Potions
 b - a potion of mutation {unknown}
 e - 3 potions of restore abilities
 g - a potion of might {unknown}
 h - a potion of beneficial mutation {unknown}
 k - 2 potions of curing {unknown}
 t - a potion of poison {unknown}


   Skills:
 + Level 3.2 Fighting
 * Level 4.4 Axes
 - Level 1.7 Throwing
 + Level 1.2 Armour
 + Level 3.5 Dodging


You had 4 spell levels left.
You didn't know any spells.

Dungeon Overview and Level Annotations

Branches:
Dungeon (4/16)
 Temple: D:4-7

Annotations:
D:2 Sigmund


Message History

The ogre barely misses you.
You barely miss the ogre.
The ogre is lightly wounded.
The ogre closely misses you.
You hit the ogre.
The ogre is moderately wounded.
You hit the ogre.
The ogre is moderately wounded.
The ogre hits you with a giant club!
You hit the ogre.
The ogre is heavily wounded.
The ogre hits you with a giant club.
You hit the ogre.
The ogre is severely wounded.
The ogre hits you with a giant club!
You hit the ogre.
The ogre is severely wounded.
The ogre hits you with a giant club!
Ouch! That really hurt!
You die...

####### #.....<
#.##### ###
###########.####
..#
#..............#
#.#
#....######.##.##
#.# #.....# #.#...#
####.#####....#
#.#....
#.......O@.#.##
#......
#.##.#######(#
######. #.##.# #.#
#. #.##.##.# ##'##
#. #.......#
##...## #.
####.#### ##.....##
####. ..hh
##.......## ##.##.
###O.
#.........####...#.
....
+.........+.)......


You could see an ogre.

Vanquished Creatures
  The ghost of Sscchhmueptfter the Ruinous, an average OpCj (D:3)
  2 orc wizards (D:3)
  4 adders
  A giant mite (D:3)
  A giant gecko (D:3)
  2 oozes (D:2)
  9 orcs (D:3)
  5 goblins
  8 hobgoblins
  8 jackals
  6 kobolds
  A quokka (D:3)
  A ball python (D:1)
  9 bats
  4 giant cockroaches
  3 giant newts
  4 rats
69 creatures vanquished.

Notes
Turn   | Place    | Note
--------------------------------------------------------------
     0 | D:1      | HollowCharge, the Demigod Gladiator, began the quest for the Orb.
     0 | D:1      | Reached XP level 1. HP: 17/17 MP: 2/2
   353 | D:1      | Reached XP level 2. HP: 19/24 MP: 3/3
   623 | D:1      | Reached skill level 3 in Axes
  1002 | D:2      | Noticed Sigmund
  1107 | D:2      | Reached XP level 3. HP: 21/30 MP: 5/5
  1623 | D:3      | Noticed Sscchhmueptfter's ghost (average OpCj)
  1660 | D:3      | Found a glowing golden altar of the Shining One.
  1844 | D:3      | Killed Sscchhmueptfter's ghost
  1844 | D:3      | Reached skill level 1 in Armour
  1844 | D:3      | Reached XP level 4. HP: 9/37 MP: 7/7
  2352 | D:3      | Reached skill level 4 in Axes
  2353 | D:3      | Reached XP level 5. HP: 37/45 MP: 8/8
  2390 | D:3      | Found a radiant altar of Vehumet.
  2912 | D:4      | Noticed an ogre
  2939 | D:4      | Slain by an ogre

Action                   |  1- 3 |  4- 6 || total
-------------------------+-------+-------++-------
Melee: Hand axe          |   143 |    97 ||   240
  Use: Scroll            |       |     7 ||     7
